 Dungeon Crawl Stone Soup version 0.30-a0-347-gf58ed5266c (webtiles) character file.

Game seed: 14714080833634860756

305 purpskrrrp the Trooper (level 6, -2/48 HPs)
             Began as a Demonspawn Fighter on Nov 5, 2022.
             Slain by Pargi (6 damage)
             ... on level 3 of the Dungeon.
             The game lasted 00:05:07 (2079 turns).

purpskrrrp the Trooper (Demonspawn Fighter)         Turns: 2079, Time: 00:05:08

Health: -2/48      AC: 12    Str: 19    XL:     6   Next: 16%
Magic:  6/6        EV:  9    Int:  9    God:
Gold:   111        SH:  5    Dex: 12    Spells: 5/5 levels left

rFire   + . .      SeeInvis .    a - +0 war axe
rCold   . . .      Faith    .    c - +0 buckler
rNeg    . . .      Spirit   .    b - +0 scale mail
rPois   .          Reflect  .    (no helmet)
rElec   .          Harm     .    i - +2 cloak
rCorr   .          Rampage  .    (no gloves)
Will    .....                    (no boots)
Stlth   ..........               (no amulet)
HPRegen 0.28/turn                g - ring of protection from fire
MPRegen 0.10/turn                (no ring)

@: mighty, brilliant, invisible
A: yellow scales 1, powered by death 1, demonic magic 1
a: no special abilities


You were on level 3 of the Dungeon.
You visited 1 branch of the dungeon, and saw 3 of its levels.

You collected 111 gold pieces.

Inventory:

Hand Weapons
 a - a +0 war axe (weapon)
Armour
 b - a +0 scale mail (worn)
 c - a +0 buckler (worn)
 i - a +2 cloak (worn)
Jewellery
 g - a ring of protection from fire (left hand)
 j - a ring of magical power
Wands
 n - a wand of iceblast (9)
Scrolls
 e - 2 scrolls of vulnerability
 f - a scroll of fear {unknown}
 k - a scroll of identify
 l - a scroll of noise
 m - 2 scrolls of summoning
 o - a scroll of teleportation {unknown}
Potions
 d - 2 potions of might
 p - a potion of brilliance


   Skills:
 + Level 4.3 Fighting
 + Level 3.2 Axes
 + Level 3.9 Armour
 + Level 3.9 Shields


You had 5 spell levels left.
You didn't know any spells.
Your spell library contained the following spells:

 Spells                   Type           Power      Damage    Failure   Level
 Ozocubu's Armour         Ice            0%         N/A       99%         3
 Ozocubu's Refrigeration  Ice            0%         4d7       100%        7
 Chain Lightning          Conj/Air       0%         N/A       100%        9
 Fire Storm               Conj/Fire      0%         5d1       100%        9
 Shatter                  Erth           0%         3d5*      100%        9


Dungeon Overview and Level Annotations

Branches:
Dungeon (3/15)

Altars:
Uskayaw

Shops:
D:1 (

Annotations:
D:3 1 runed translucent door, Crazy Yiuf, Grinder, Pargi


Innate Abilities, Weirdness & Mutations

You are partially covered in yellow scales. (AC +2)
You regenerate a little health from kills.
Spells you cast may paralyse adjacent enemies.


Message History

* * * LOW HITPOINT WARNING * * *
Okay, then.
Okay, then.
It was a potion of brilliance.
You feel clever all of a sudden. You block Pargi's attack. Pargi claws you.
* * * LOW HITPOINT WARNING * * *
Pargi claws you but does no damage. Grinder hits you but does no damage.
It was a potion of invisibility.
You fade into invisibility!
Pargi barely misses you. x3
Grinder gestures at you.
You suddenly lose the ability to move!
Pargi completely misses you. Pargi claws you but does no damage. x2
Grinder gestures at you. You resist with significant effort.
Pargi completely misses you. Pargi claws you.
* * * LOW HITPOINT WARNING * * *
Pargi barely misses you.
Grinder blinks!
You can move again.
You slash Pargi!
Pargi is heavily wounded.
You catch the helpless Pargi completely off-guard!
You slash Pargi!
Pargi is almost dead.
Pargi closely misses you. Pargi barely misses you.
Pargi claws you but does no damage. Pargi closely misses you.
You block Pargi's attack. x2
You strike the helpless Pargi from behind!
You hit Pargi.
Pargi is almost dead.
You barely miss Pargi.
Pargi is severely wounded.
Pargi bites you but does no damage. You block Pargi's attack.
Pargi barely misses you.
You closely miss Pargi.
Pargi is severely wounded.
You block Pargi's attack. Pargi barely misses you. Pargi closely misses you.
Pargi bites you.
You die...

... #...........# #.#
......#...........# #.#
#.....#..........#####.#
#.....####.....#........
#.....##....####........
#..........## #........
#..........# #........
#..........# #........
#......@T..# ####.....
#..........# #.....
#..........# #.....
#......5...#
#........### #.....####
#..... ######


You could see Grinder (resistant, unable to see you) and Pargi (unable to see
you).

Vanquished Creatures
  Sigmund (D:2)
  Jessica (D:3)
  Natasha (D:2)
  Terence (D:2)
  Robin (D:2)
  A dart slug (D:1)
  An orc (D:3)
  2 endoplasms (D:1)
  2 giant cockroaches
  9 goblins (D:2)
  2 hobgoblins (D:2)
  2 jackals (D:1)
  5 kobolds
  2 quokkas
  4 ball pythons
  12 bats
  4 frilled lizards
  6 rats
57 creatures vanquished.

Notes
Turn   | Place    | Note
-------+----------+-------------------------------------------
     0 | D:1      | purpskrrrp the Demonspawn Fighter began the quest for the
                  | Orb.
     0 | D:1      | Reached XP level 1. HP: 18/18 MP: 1/1
    74 | D:1      | Found Ycreann's Weapon Boutique.
   229 | D:1      | Gained mutation: You are partially covered in yellow
                  | scales. (AC +2) [demonic ancestry]
   229 | D:1      | Reached XP level 2. HP: 23/24 MP: 2/2
   658 | D:1      | Reached XP level 3. HP: 19/29 MP: 3/3
   888 | D:2      | Noticed Natasha
   892 | D:2      | Killed Natasha
   954 | D:2      | Noticed Robin
   967 | D:2      | Killed Robin
   968 | D:2      | Reached XP level 4. HP: 16/36 MP: 4/4
  1061 | D:2      | Noticed Sigmund
  1076 | D:2      | Killed Sigmund
  1077 | D:2      | Reached skill level 4 in Fighting
  1077 | D:2      | Gained mutation: Spells you cast may paralyse adjacent
                  | enemies. [demonic ancestry]
  1077 | D:2      | Reached XP level 5. HP: 20/42 MP: 5/5
  1181 | D:2      | Noticed Terence
  1186 | D:2      | Killed Terence
  1187 | D:2      | Gained mutation: You regenerate a little health from kills.
                  | [demonic ancestry]
  1187 | D:2      | Reached XP level 6. HP: 48/48 MP: 6/6
  1316 | D:2      | Found a hide-covered altar of Uskayaw.
  1721 | D:3      | Noticed Jessica
  1729 | D:3      | Killed Jessica
  1953 | D:3      | Found a runed translucent door.
  1954 | D:3      | Noticed Crazy Yiuf
  2055 | D:3      | Noticed Pargi
  2055 | D:3      | Noticed Grinder
  2057 | D:3      | Paralysed by Grinder for 4 turns
  2070 | D:3      | HP: 2/48 [Pargi (2)]
  2071 | D:3      | Paralysed by Grinder for 3 turns
  2079 | D:3      | Slain by Pargi

Illustrated notes

Levels and vault maps discovered:
D:1:      noname_arrival_rooms_in_the_neighbourhood, layout_basic, serial_shops,
          nicolae_shop_statue_plus, minmay_misc_feat_chi, corner_web_ring
D:2:      layout_loops_ring, basic_altar, uniq_robin, uniq_sigmund,
          uniq_natasha, uniq_terence
D:3:      layout_basic, grunt_ministairs_12, amcnicky_mini_rare_corridor_liquid,
          kennysheep_generic_room_4, uniq_pargi, uniq_jessica,
          uniq_crazy_yiuf_cottage, uniq_grinder

Skill      XL: |  1  2  3  4 |
---------------+-------------+-----
Axes           | 2 3 |  3.2
Armour         | 3 |  3.9
Shields        | 3 |  3.9
Fighting       | 4 |  4.3

Action                   |  1- 3 |  4- 6 || total
-------------------------+-------+-------++-------
Melee: War axe           |    82 |    56 ||   138
  Use: Scroll            |     5 |     4 ||     9
       Potion            |     1 |     3 ||     4
 Stab: Invisible         |       |     2 ||     2
Armor: Scale mail        |    72 |    36 ||   108
Dodge: Dodged            |    46 |    39 ||    85
Block: Buckler           |    34 |    20 ||    54

Table legend: (Time is in decaauts)
 A = Elapsed time spent in this place.
 B = Non-inter-level travel time spent in this place.
 C = Inter-level travel time spent in this place.
 D = Time resting spent in this place.
 E = Time spent auto-exploring this place.
 F = Levels seen in this place.
 G = Mean time per level.
                   A        B        C        D        E       F      G
               +--------+--------+--------+--------+--------+-----+--------+
         Total |   2134 |   2095 |     39 |    128 |   1560 |   3 |  711.3 |
       Dungeon |   2134 |   2095 |     39 |    128 |   1560 |   3 |  711.3 |
               +--------+--------+--------+--------+--------+-----+--------+

Top non-repeatable levels by time:
     D:2: 886 daAuts
     D:1: 839 daAuts
     D:3: 408 daAuts
